 Dungeon Crawl Stone Soup version 0.21.1-74-g47da925 (webtiles) character file.

101 Madoushi the Chopper (level 4, -3/61 HPs)
             Began as a Minotaur Berserker on Aug 6, 2018.
             Was a Believer of Trog.
             Slain by Sigmund
             ... wielding a +0 scythe
              (13 damage)
             ... on level 2 of the Dungeon.
             The game lasted 00:03:10 (1341 turns).

Madoushi the Chopper (Minotaur Berserker)           Turns: 1341, Time: 00:03:10

Health: -3/61      AC:  2    Str: 28    XL:     4   Next: 48%
Magic:  3/3        EV: 12    Int:  4    God:    Trog [**....]
Gold:   109        SH:  0    Dex:  9    Spells: 3/3 levels left

rFire    . . .     SeeInvis .   a - +0 hand axe
rCold    . . .     Gourm    .   (no shield)
rNeg     . . .     Faith    .   b - +0 animal skin
rPois    .         Spirit   .   (helmet restricted)
rElec    .         Reflect  .   (no cloak)
rCorr    .         Harm     .   (no gloves)
MR       .....                  (no boots)
Stlth    ..........             (no amulet)
HPRegen  0.20/turn              (no ring)
MPRegen  0.08/turn              (no ring)

@: berserking, very quick
A: retaliatory headbutt, horns 2
a: Berserk, Trog's Hand, Burn Spellbooks, Renounce Religion


You were on level 2 of the Dungeon.
You worshipped Trog.
Trog was pleased with you.
You were very hungry.

You visited 1 branch of the dungeon, and saw 2 of its levels.

You collected 109 gold pieces.

Inventory:

Hand Weapons
 a - a +0 hand axe (weapon)
Armour
 b - a +0 animal skin (worn)
 i - a +0 cloak
Scrolls
 f - 3 scrolls of teleportation {unknown}
 h - a scroll of fog {unknown}
Potions
 d - a potion of might {unknown}
 e - a potion of flight {unknown}
 g - 2 potions of ambrosia {unknown}
 j - 2 potions of degeneration {unknown}
Comestibles
 c - 3 rations


   Skills:
 + Level 4.8 Fighting
 + Level 4.8 Axes
 + Level 3.0 Armour
 + Level 2.8 Dodging
 + Level 0.2 Stealth


You had 3 spell levels left.
You didn't know any spells.

Dungeon Overview and Level Annotations

Branches:
Dungeon (2/15)

Altars:

Annotations:
D:2 Sigmund


Innate Abilities, Weirdness & Mutations

You reflexively headbutt those who attack you in melee.
You have a pair of horns on your head.


Message History

You barely miss Sigmund.
Sigmund points at you and mumbles some strange words.
You are confused.
You barely miss Sigmund. Sigmund hits you with a scythe.
You're too confused!
You're too confused!
You bump into the rock wall.
Sigmund hits you with a scythe! Sigmund hits you with a scythe!
You hit Sigmund. Your headbutt misses Sigmund.
Sigmund is lightly wounded.
Sigmund hits you with a scythe!
* * * LOW HITPOINT WARNING * * *
You hit Sigmund.
Sigmund is lightly wounded.
You feel less confused.
A red film seems to cover your vision as you go berserk!
You feel yourself moving faster!
You feel mighty!
You are feeling very hungry.
Sigmund hits you with a scythe!
You die...

...........# #..# ..####....
##.........# #..#######.## ...
#.........# #...........### .#
# #.........#
#......###....#.%#
#........÷#######..#.#..# ...#
#.............# #.#.⌠.#.#.....
#..)<.....###.###..#.#.....#
#.........# #......###.#...#.#
#.........###..@@.............
##..............########......
##.....#.#..##..# ......
#..##.....# ##.# ..... #..#
..... ..# ..@.. ...# .... #...
.... ... #### ...K ...


You could see Sigmund.

Vanquished Creatures
  Natasha (D:2)
  2 adders (D:2)
  3 oozes (D:1)
  A dart slug (D:1)
  2 leopard geckos (D:1)
  A ball python (D:1)
  4 bats
  3 giant cockroaches (D:1)
  8 goblins
  4 hobgoblins
  2 kobolds (D:1)
  A quokka (D:2)
  A frilled lizard (D:1)
  8 rats (D:1)
41 creatures vanquished.

Vanquished Creatures (others)
  A quokka (D:2)
1 creature vanquished.

Grand Total: 42 creatures vanquished

Notes
Turn   | Place    | Note
-------+----------+-------------------------------------------
     0 | D:1      | Madoushi the Minotaur Berserker began the quest for the Orb.
     0 | D:1      | Reached XP level 1. HP: 19/19 MP: 0/0
    61 | D:1      | Reached XP level 2. HP: 26/27 MP: 1/1
   314 | D:1      | Reached XP level 3. HP: 32/33 MP: 2/2
   481 | D:1      | Reached ** piety under Trog
   955 | D:2      | Reached XP level 4. HP: 17/40 MP: 3/3
  1316 | D:2      | Noticed Sigmund
  1316 | D:2      | Noticed Natasha
  1332 | D:2      | Killed Natasha
  1341 | D:2      | Slain by Sigmund

Skill      XL: |  1  2  3 |
---------------+----------+-----
Axes           | 4 |  4.8
Fighting       | 4 |  4.8
Armour         | 3 |  3.0
Dodging        | |  2.8
Stealth        | |  0.2

Action                   |  1- 3 |  4- 6 || total
-------------------------+-------+-------++-------
Melee: Hand axe          |    65 |    12 ||    77
       Headbutt          |    11 |       ||    11
Invok: Berserk           |       |     1 ||     1
       Trog's Hand       |       |     1 ||     1
 Stab: Distracted        |     1 |       ||     1
       Sleeping          |       |     1 ||     1
  Eat: Chunk             |       |     1 ||     1
Armor: Animal skin       |     8 |     3 ||    11
Dodge: Dodged            |    45 |    15 ||    60
